Map: King's Cove LE

Players

Naitsabes

  • Race: Protoss Protoss
  • League: Gold
  • Spawn Location: 11:00

Gabriel - Winner!

  • Race: Protoss Protoss
  • League: Gold
  • Spawn Location: 5:00

VOD

Have the link to the VOD?

Description

Time

  • Played on: April 30, 2019, 6:52 a.m.
  • Length: 19:09
Show
View Real Time Build Order
Export as new Build Order

Naitsabes Protoss 

Build Orders:  

Get SALT Encoding   

  1  0:00  Probe  
  13  0:08  Probe  
  14  0:22  Pylon  
  14  0:23  Probe  
  15  0:40  Probe  
  16  0:43  Gateway  
  16  0:46  Assimilator  
  16  0:52  Probe  
  17  1:02  Gateway  
  17  1:05  Probe  
  18  1:15  Pylon  
  18  1:27  Probe  
  19  1:35  Cybernetics Core  
  19  1:39  Assimilator  
  19  1:40  Probe  
  20  1:50  Pylon  
  20  2:02  Warp Gate  
  20  2:07  Probe  
  20  2:10  Forge  
  20  2:15  Stalker  
  23  2:21  Stalker  
  25  2:24  Probe  
  26  2:50  Shield Battery  
  26  2:52  Shield Battery  
  26  2:55  Photon Cannon  
  26  3:08  Probe  
  27  3:20  Protoss Ground Weapons Level 1, Photon Cannon  
  27  3:43  Nexus  
  27  3:52  Sentry x2  
  31  4:00  Robotics Facility  
  31  4:30  Pylon  
  31  4:48  Probe  
  31  4:50  Gateway  
  32  4:55  Gateway  
  32  4:57  Immortal  
  36  5:00  Probe  
  36  5:05  Pylon  
  37  5:15  Photon Cannon  
  37  5:20  Photon Cannon  
  37  5:22  Probe  
  38  5:28  Warp Prism  
  38  5:30  Sentry x2  
  42  5:42  Probe  
  45  5:46  Probe  
  46  5:54  Probe  
  47  5:59  Probe  
  48  6:06  Probe  
  48  6:11  Immortal  
  53  6:12  Stalker  
  53  6:14  Sentry  
  53  6:16  Probe  
  57  6:20  Probe  
  57  6:25  Probe  
  59  6:32  Probe  
  61  6:34  Probe  
  58  7:11  Stalker x2  
  58  7:20  Assimilator  
  58  7:22  Assimilator  
  58  7:31  Immortal  
  58  7:33  Nexus  
  58  7:36  Pylon  
  62  7:38  Pylon  
  62  7:40  Twilight Council  
  62  7:42  Pylon  
  62  7:46  Protoss Ground Armor Level 1  
  62  8:00  Forge  
  62  8:01  Probe  
  62  8:02  Probe  
  64  8:09  Probe  
  64  8:10  Probe  
  64  8:19  Blink  
  66  8:26  Observer  
  67  8:39  Stalker x2  
  67  8:40  Stalker x2  
  75  8:47  Immortal  
  71  9:09  Probe x2  
  73  9:21  Probe x2  
  75  9:25  Protoss Ground Weapons Level 2, Stalker x4  
  83  9:33  Probe x2  
  85  9:43  Probe  
  85  9:45  Probe  
  87  9:49  Photon Cannon  
  87  9:50  Photon Cannon  
  87  9:52  Photon Cannon  
  87  9:53  Shield Battery  
  87  9:54  Shield Battery  
  87  9:55  Assimilator  
  87  9:57  Stalker x2  
  87  9:58  Shield Battery, Stalker x2  
  87  9:59  Assimilator  
  95  10:05  Gateway  
  95  10:08  Gateway  
  95  10:10  Gateway  
  95  10:15  Charge  
  95  10:27  Immortal  
  99  10:35  Probe x2  
  101  10:41  Nexus  
  101  10:42  Pylon  
  101  10:46  Pylon  
  101  10:52  Pylon  
  101  10:53  Pylon  
  101  11:00  Probe x3  
  104  11:08  Immortal  
  96  11:17  Protoss Ground Armor Level 2  
  100  11:27  Stalker x4  
  100  11:28  Stalker x2  
  112  11:40  Gateway  
  112  11:42  Gateway  
  112  11:53  Adept  
  112  11:54  Adept x3  
  116  11:55  Adept x3  
  126  12:04  Probe x3  
  129  12:16  Probe  
  129  12:20  Probe  
  129  12:21  Probe x2  
  133  12:25  Stalker x3  
  133  12:28  Probe  
  140  12:32  Probe  
  140  12:33  Probe  
  140  12:34  Observer  
  136  12:44  Probe  
  129  12:52  Immortal  
  129  12:54  Protoss Ground Weapons Level 3  
  129  12:55  Probe  
  129  12:56  Probe x2  
  136  12:59  Probe  
  136  13:03  Assimilator  
  136  13:05  Assimilator  
  137  13:06  Pylon  
  137  13:08  Pylon, Probe x3  
  137  13:10  Pylon  
  140  13:36  Stalker x4  
  140  13:37  Stalker x2  
  140  13:38  Stalker x2  
  140  13:39  Stalker  
  158  14:12  Stalker x6  
  158  14:13  Stalker  
  172  14:50  Nexus  
  172  14:52  Pylon  
  172  14:54  Pylon  
  172  14:57  Pylon  
  171  15:37  Stalker x5  
  181  16:04  Probe  
  181  16:05  Probe x3  
  181  16:06  Probe  
  184  16:16  Probe  
  184  16:17  Probe x3  
  169  16:18  Probe  
  135  16:30  Probe  
  114  16:36  Stalker x2  
  114  16:37  Stalker x5  
  114  16:38  Stalker  
  63  17:01  Gateway  
  63  17:02  Gateway  
  63  17:04  Cybernetics Core  
  63  17:07  Gateway  
  63  17:09  Gateway  
  63  17:12  Gateway  
  63  17:15  Photon Cannon  
  63  17:16  Photon Cannon  
  63  17:18  Stalker  
  63  17:19  Stalker x5  
  63  17:20  Observer, Stalker  
  78  17:41  Assimilator  
  78  17:44  Zealot x4  
  78  17:45  Assimilator  
  85  18:08  Zealot x3  
  85  18:09  Zealot x3  
  85  18:10  Zealot  
  79  18:29  Zealot x3  
  79  18:30  Zealot x2  
  43  18:51  Stalker x2  
  43  18:52  Stalker x3  
Show
View Real Time Build Order
Export as new Build Order

Gabriel Protoss - Winner!

Build Orders:  

Get SALT Encoding   

  12  0:01  Probe  
  13  0:13  Probe  
  14  0:36  Probe  
  14  0:39  Pylon  
  16  0:57  Probe  
  16  1:03  Gateway  
  16  1:06  Gateway  
  16  1:10  Probe  
  16  1:14  Pylon  
  16  1:18  Assimilator, Probe  
  17  1:22  Assimilator  
  18  1:28  Probe  
  19  1:54  Probe  
  19  1:55  Gateway  
  19  2:00  Cybernetics Core  
  20  2:09  Warp Gate  
  20  2:22  Probe  
  21  2:34  Probe  
  21  2:36  Stalker  
  24  2:47  Zealot  
  24  2:50  Stalker  
  28  2:57  Probe  
  28  3:09  Probe  
  29  3:18  Stalker  
  31  3:34  Pylon  
  31  3:52  Probe, Stalker  
  34  3:58  Pylon  
  34  3:59  Nexus  
  34  4:04  Stalker  
  34  4:05  Stalker  
  34  4:07  Probe  
  39  4:19  Probe  
  39  4:20  Robotics Facility  
  40  4:29  Stalker x2  
  44  4:33  Probe  
  45  4:42  Adept  
  45  4:43  Twilight Council  
  47  5:01  Pylon  
  47  5:04  Charge  
  47  5:09  Probe  
  47  5:10  Probe  
  49  5:17  Probe  
  50  5:22  Probe  
  50  5:23  Robotics Bay  
  50  5:26  Probe  
  52  5:37  Assimilator  
  52  5:38  Probe  
  52  5:41  Assimilator  
  53  5:45  Shield Battery  
  53  5:46  Shield Battery  
  53  5:47  Zealot x2  
  57  5:51  Probe x2  
  59  6:03  Probe  
  60  6:08  Colossus  
  60  6:09  Gateway  
  60  6:12  Forge  
  60  6:15  Probe  
  67  6:25  Extended Thermal Lance  
  67  6:30  Probe  
  67  6:32  Pylon  
  67  6:38  Probe  
  69  6:47  Probe  
  70  6:54  Stalker  
  70  6:55  Stalker x2  
  70  6:59  Probe  
  77  7:12  Probe  
  77  7:13  Blink  
  77  7:15  Protoss Ground Weapons Level 1  
  78  7:32  Pylon  
  78  7:34  Pylon  
  78  7:43  Gateway  
  78  7:44  Gateway  
  78  7:46  Gateway  
  78  7:50  Colossus, Probe  
  85  7:56  Zealot x2  
  85  7:57  Zealot  
  91  8:02  Probe  
  91  8:04  Pylon  
  92  8:14  Probe, Photon Cannon  
  93  8:23  Dark Shrine  
  93  8:25  Zealot x2  
  93  8:26  Probe  
  98  8:52  Nexus  
  98  8:55  Pylon  
  97  9:16  Pylon  
  91  9:18  Pylon x2  
  91  9:20  Pylon  
  91  9:23  Pylon  
  91  9:30  Protoss Ground Weapons Level 2  
  91  9:40  Shield Battery  
  91  9:43  Shield Battery  
  91  9:44  Nexus  
  91  9:50  Pylon, Shield Battery  
  91  9:52  Dark Templar x3  
  97  9:53  Dark Templar  
  97  9:55  Observer  
  100  10:03  Pylon  
  100  10:04  Assimilator  
  101  10:07  Assimilator, Probe  
  101  10:16  Warp Prism  
  101  10:17  Sentry x2  
  107  10:22  Sentry  
  109  10:37  Stalker  
  109  10:38  Stalker x2  
  115  10:50  Pylon  
  115  10:51  Pylon  
  115  10:56  Stalker x2  
  117  11:12  Probe  
  118  11:20  Probe  
  118  11:25  Shield Battery, Colossus  
  119  11:27  Shield Battery  
  119  11:30  Probe  
  126  11:40  Protoss Ground Weapons Level 3, Zealot  
  126  11:41  Zealot x3, Probe  
  126  11:42  Zealot  
  137  11:49  Probe  
  138  11:57  Probe  
  139  12:06  Probe  
  139  12:08  Gateway  
  139  12:14  Gateway, Probe  
  140  12:16  Gateway  
  140  12:18  Stalker  
  143  12:23  Probe  
  144  12:32  Templar Archives  
  144  12:35  Probe  
  144  12:36  Stalker x3  
  151  12:37  Stalker  
  150  12:55  Warp Prism  
  152  13:13  High Templar x3  
  152  13:14  High Templar x2  
  152  13:15  High Templar  
  152  13:18  Archon x2  
  152  13:19  Archon  
  164  13:22  Probe  
  164  13:26  Pylon  
  165  13:27  Pylon  
  165  13:30  Pylon  
  165  13:33  Pylon  
  165  13:44  Probe  
  165  13:45  Observer  
  167  13:51  Sentry x2  
  170  14:06  Observer  
  169  14:10  High Templar x2  
  169  14:11  High Templar  
  169  14:12  High Templar  
  169  14:14  High Templar  
  169  14:15  High Templar  
  178  14:18  Archon x2  
  178  14:19  Archon  
  170  14:25  High Templar  
  170  14:26  High Templar  
  170  14:27  High Templar  
  170  14:28  High Templar  
  170  14:30  Archon  
  173  14:32  Archon  
  170  14:43  High Templar  
  170  14:44  High Templar  
  170  14:45  High Templar  
  176  14:53  High Templar  
  176  14:55  Archon  
  176  14:57  Archon  
  164  16:07  Pylon  
  164  16:09  Pylon  
  164  16:10  Pylon  
  154  16:12  Pylon  
  154  16:14  Pylon  
  100  16:26  Zealot x3  
  90  16:47  Zealot x2  
  94  16:55  Zealot  
  96  17:07  Gateway  
  96  17:10  Gateway  
  96  17:11  Gateway  
  96  17:13  Gateway  
  96  17:16  Gateway  
  96  17:18  Zealot x3, Gateway  
  96  17:20  Gateway  
  96  17:22  Gateway  
  102  17:42  Zealot  
  102  17:43  Zealot x2  
  108  17:59  Cybernetics Core  
  108  18:05  Zealot x2  
  112  18:06  Zealot x2  
  116  18:18  Zealot x2  
  116  18:19  Zealot x4  
  126  18:42  Stalker x3  
  126  18:43  Stalker x2  
  126  18:44  Stalker  
  126  18:45  Stalker  
Tags
 
League
GoldGold
Matchup
PvP
Spawn Locations
Cross Positions
Add a new tag
Caveats
  • Supply blocks, unpowered buildings, or Contaminate may cause inaccurate times.
  • Supply counts are checked every 10 seconds.